Cogmind - Beta 13 @@@ ROGUE MODE // 2024.06.11 @ 23:44:43 Player: doughoff Result: Self-destructed Performance ------------- Evolutions (1) 500 Regions Visited (5) 1000 Robots Destroyed (38) 190 Value Destroyed (851) 851 Prototype IDs (1) 20 Alien Tech Used (0) 0 Bonus (0) 0 TOTAL SCORE: 2561 Bonus ------- None Cogmind --------- Core Integrity 206/400 Matter 300/300 Energy 100/100 System Corruption 15% Temperature Cool (0) Movement Treading (160) Location -9/Exiles Parts ------- > --- POWER (1) -------- (None) > --- PROPULSION (3) --- Light Treads > --- UTILITY (3) ------ Large Storage Unit > --- WEAPON (2) ------- (None) > --- INVENTORY (15) --- Compact Wheel Structural Scanner Terrain Scan Processor Autogun Improved Light Cannon Improved Light Cannon Improved Light Cannon Improved Light Cannon Grenade Launcher Grenade Launcher Mining Laser Peak State ------------ > --- POWER ------------ Ion Engine > --- PROPULSION ------- Light Treads Light Treads Light Treads > --- UTILITY ---------- Large Storage Unit Experimental Sensor Array Targeting Computer > --- WEAPON ----------- Autogun Grenade Launcher > --- INVENTORY -------- Compact Wheel Structural Scanner Terrain Scan Processor Autogun Improved Light Cannon Improved Light Cannon Improved Light Cannon Improved Light Cannon Grenade Launcher Mining Laser [Rating: 19] Favorites ----------- Power Ion Engine Engine Ion Engine Propulsion Light Treads Treads Light Treads Utility Large Storage Unit Device Experimental Sensor Array Storage Large Storage Unit Processor Targeting Computer Protection Core Shielding Weapon Autogun Energy Gun Medium Laser Ballistic Gun Autogun Ballistic Cannon Improved Light Cannon Launcher Grenade Launcher Special Weapon Mining Laser Build | -11 -10 -10 -9 -9 -9 ------- Run | Yrd Mat Min Mat Min Exi Slots Evolved 2 | . . . 2 . . Power . | . . . . . . Propulsion 1 | . . . 1 . . Utility 1 | . . . 1 . . Weapon . | . . . . . . Parts Attached 34 | 6 10 5 4 9 . Power 5 | 1 2 1 . 1 . Engine 5 | 1 2 1 . 1 . Core . | . . . . . . Reactor . | . . . . . . Propulsion 10 | 2 2 3 1 2 . Treads 10 | 2 2 3 1 2 . Leg . | . . . . . . Wheel . | . . . . . . Hover . | . . . . . . Flight . | . . . . . . Utility 8 | 1 2 1 1 3 . Device 2 | . . . . 2 . Storage 2 | 1 1 . . . . Processor 1 | . . . 1 . . Hackware . | . . . . . . Protection 3 | . 1 1 . 1 . Artifact . | . . . . . . Weapon 11 | 2 4 . 2 3 . Energy Gun 1 | 1 . . . . . Energy Cannon . | . . . . . . Ballistic Gun 5 | 1 2 . 2 . . Ballistic Cannon 2 | . 2 . . . . Launcher 2 | . . . . 2 . Special Weapon 1 | . . . . 1 . Impact Weapon . | . . . . . . Slashing Weapon . | . . . . . . Piercing Weapon . | . . . . . . Special Melee Weapon . | . . . . . . Unidentified Prototypes 1 | . . . . 1 . Parts Lost 15 | . 1 1 2 5 6 Power 2 | . . . . 1 1 Propulsion 6 | . 1 1 . 2 2 Utility 4 | . . . . 2 2 Weapon 3 | . . . 2 . 1 Highest Loss Streak 6 | . 1 1 2 2 6 To Critical Strikes 1 | . . . 1 . . Average Slot Usage (%) 94 | . 91 100 99 94 88 Engine 12 | . 14 14 11 10 9 Treads 29 | . 27 28 32 30 29 Device 3 | . . . . 7 9 Storage 12 | . 14 14 11 11 11 Processor 6 | . . . 11 11 9 Protection 5 | . 6 14 11 1 . Energy Gun 1 | . 3 . . . . Ballistic Gun 13 | . 8 28 22 11 9 Ballistic Cannon 4 | . 16 . . . . Launcher 3 | . . . . 6 9 Special Weapon 1 | . . . . 3 . Naked Turns . | . . . . . . Heaviest Build 34 | 14 34 34 34 32 32 Greatest Support 60 | 40 40 40 60 60 60 Greatest Overweight (x) 1 | . 1 . . . . Average Overweight (x) . | . . . . . . Largest Inventory Capacity 15 | 8 15 15 15 15 15 Average Capacity 14 | 7 13 15 15 15 15 Most Carried 15 | 3 13 15 14 14 11 Average Carried 10 | 2 10 13 12 10 10 Final Capacity 15 | 8 15 15 15 15 15 Final Carried 15 | 3 13 15 14 10 11 Class Distribution -------------------- 100% | Mutant Dominant Class ---------------- Mutant | -10/Materials Mutant | -10/Mines Mutant | -9/Materials Mutant | -9/Mines Mutant | -9/Exiles Resources | -11 -10 -10 -9 -9 -9 ----------- Run | Yrd Mat Min Mat Min Exi Matter Collected 1456 | 186 556 277 130 307 . Remotely . | . . . . . . Salvage Created 1128 | . 535 287 183 123 . Parts 80 | . 45 18 14 3 . Haulers Intercepted 2 | . 2 . . . . Recyclers Shooed . | . . . . . . Parts Field Recycled . | . . . . . . Retrieved Matter . | . . . . . . Parts Self-Destructed . | . . . . . . Prevented . | . . . . . . Kills | -11 -10 -10 -9 -9 -9 ------- Run | Yrd Mat Min Mat Min Exi Combat Hostiles Destroyed 35 | . 14 6 6 9 . Guns 20 | . 4 6 6 4 . Cannons 10 | . 10 . . . . AOE 5 | . . . . 5 . Classes Destroyed 9 | . 6 1 1 1 . Worker 3 | . 3 . . . . Builder 2 | . . . 2 . . Hauler 2 | . 2 . . . . Recycler 2 | . 2 . . . . Watcher 1 | . 1 . . . . Swarmer 10 | . 6 . 4 . . Grunt 16 | . 8 4 2 2 . Sentry 2 | . . 2 . . . Assembled 7 | . . . . 7 . Best Kill Streak 6 | . 4 2 4 6 . Combat Bots Only 6 | . 3 2 4 6 . Max Kills in Single Turn 3 | . 2 1 2 3 . Gunslinging 1 | . 1 . 1 . . Exploded 2 | . . . . 2 . Melee . | . . . . . . Uniques/NPCs Destroyed . | . . . . . . Combat | -11 -10 -10 -9 -9 -9 -------- Run | Yrd Mat Min Mat Min Exi Hostile Shots Fired 225 | . 79 44 40 34 28 Missed 52 | . 13 8 14 11 6 Damage Taken 2663 | . 742 530 231 754 406 Core 331 | . 79 58 9 115 70 Absorbed by Shields . | . . . . . . Redirected to Shielding 17 | . 6 11 . . . Core Remaining (%) 72 | 100 . 45 . . . Volleys Fired 118 | . 59 25 13 21 . Largest 2 | . 2 2 2 2 . Hottest 100 | . 78 46 46 100 . Shots Fired 228 | . 118 50 25 34 1 Gun 149 | . 52 50 25 21 1 Cannon 66 | . 66 . . . . Launcher 5 | . . . . 5 . Special 8 | . . . . 8 . Kinetic 206 | . 109 50 25 21 1 Thermal 17 | . 9 . . 8 . Explosive 5 | . . . . 5 . Electromagnetic . | . . . . . . Robot Hit Streak 16 | . 6 14 16 6 . Robot Miss Streak 5 | . 5 3 1 2 1 Penetration Max . | . . . . . . Secondary Targets 3 | . 1 . 2 . . Max Gunslinging Chain 1 | . 1 . 1 . . Shots Hit Robots 128 | . 60 34 18 16 . Core Hits 65 | . 26 12 8 19 . Critical Kills 1 | . . 1 . . . Critical Parts Destroyed . | . . . . . . Critical Strikes 3 | . 2 1 . . . Destroy 1 | . . 1 . . . Blast 2 | . 2 . . . . Melee Attacks . | . . . . . . Impact . | . . . . . . Slashing . | . . . . . . Piercing . | . . . . . . Sneak Attacks . | . . . . . . Combat Hostiles . | . . . . . . Follow-up Attacks . | . . . . . . Damage Inflicted 2432 | . 1086 545 287 514 . Guns 1435 | . 376 545 286 228 . Cannons 694 | . 694 . . . . Explosions 259 | . . . . 259 . Melee . | . . . . . . Ramming 44 | . 16 . 1 27 . Kinetic 2055 | . 996 545 286 228 . Thermal 74 | . 74 . . . . Explosive 259 | . . . . 259 . Electromagnetic . | . . . . . . Impact . | . . . . . . Slashing . | . . . . . . Piercing . | . . . . . . Highest Corruption 15 | . . . . 9 15 Average Corruption 9 | . . . . 9 9 Corruption Purged . | . . . . . . Corruption Blocked . | . . . . . . Effects 58 | . . . . 56 2 Message Errors 20 | . . . . 19 1 Matter Fused 15 | . . . . 15 . Heat Flow Errors 3 | . . . . 3 . Energy Discharges 7 | . . . . 7 . Data Loss (minor) 5 | . . . . 5 . Data Loss (major) 2 | . . . . 2 . Misfires 3 | . . . . 2 1 Alerts 3 | . . . . 3 . Overload Shots . | . . . . . . Overflow Damage 21 | . 18 . . 3 . Projectiles 18 | . 18 . . . . Explosions 3 | . . . . 3 . Melee . | . . . . . . Knockbacks 7 | . 7 . . . . Impact . | . . . . . . Kinetic 7 | . 7 . . . . Secondary . | . . . . . . Self-Inflicted Damage 118 | . 47 . . 71 . Shots 3 | . 1 . . 2 . Rammed 6 | . 3 . . 3 . Targets Rammed 7 | . 3 . 1 3 . Kicked . | . . . . . . Crushed 1 | . . . 1 . . Highest Temperature 231 | . 231 74 12 166 . Average Temperature 45 | . 61 29 4 28 . Received Heat Transfer 722 | . 264 294 27 137 . Siege Activations . | . . . . . . Robots Corrupted . | . . . . . . Combat Hostiles . | . . . . . . Parts Fried . | . . . . . . Impact Corruptions . | . . . . . . Robots Melted . | . . . . . . Combat Hostiles . | . . . . . . Parts Melted . | . . . . . . Heat Transferred 222 | . 222 . . . . Parts Sabotaged . | . . . . . . Parts Stolen . | . . . . . . Parts Stripped . | . . . . . . Power Chain Reactions . | . . . . . . Alert | -11 -10 -10 -9 -9 -9 ------- Run | Yrd Mat Min Mat Min Exi Peak Influence 216 | . 199 216 162 133 . Initial 70 | . . 70 5 63 . Average 76 | . 113 171 94 30 . Maximum Alert Level 1 | . . 1 . . . Low Security (%) 96 | 100 100 63 100 100 . Level 1 3 | . . 36 . . . Level 2 . | . . . . . . Level 3 . | . . . . . . Level 4 . | . . . . . . Level 5 . | . . . . . . High Security . | . . . . . . Max Security . | . . . . . . Squads Dispatched 4 | . 3 . 1 . . Investigation 2 | . 1 . 1 . . Extermination . | . . . . . . Reinforcement 2 | . 2 . . . . Assault . | . . . . . . Garrison . | . . . . . . Intercept . | . . . . . . Searches Triggered . | . . . . . . Construction Impeded . | . . . . . . Haulers Reinforced . | . . . . . . Active Scanning Responses . | . . . . . . Cargo Convoy Interrupts . | . . . . . . Stealth | -11 -10 -10 -9 -9 -9 --------- Run | Yrd Mat Min Mat Min Exi Distress Signals 1 | . 1 . . . . Communications Jammed . | . . . . . . Distress Signals . | . . . . . . Times Spotted 56 | . 23 6 8 11 8 Peak Tracking Total 9 | . 3 2 4 6 9 Tactical Retreats 2 | . . . . 2 . Traps | -11 -10 -10 -9 -9 -9 ------- Run | Yrd Mat Min Mat Min Exi Traps Triggered 1 | . 1 . . . . Indirectly . | . . . . . . Trap Hack Attempts . | . . . . . . Triggered . | . . . . . . Disarmed . | . . . . . . Reprogrammed . | . . . . . . Reused . | . . . . . . Traps Extracted . | . . . . . . Installed . | . . . . . . Triggered . | . . . . . . Machines | -11 -10 -10 -9 -9 -9 ---------- Run | Yrd Mat Min Mat Min Exi Machines Disabled 2 | . 2 . . . . Max in Single Turn 1 | . 1 . . . . Machines Repaired . | . . . . . . Machines Dismantled . | . . . . . . Machines Sabotaged . | . . . . . . Overloaded Fab Kills . | . . . . . . Hacking | -11 -10 -10 -9 -9 -9 --------- Run | Yrd Mat Min Mat Min Exi Machines Accessed 4 | . 1 . 3 . . Terminals 4 | . 1 . 3 . . Fabricators . | . . . . . . Repair Stations . | . . . . . . Recycling Units . | . . . . . . Scanalyzers . | . . . . . . Garrison Access . | . . . . . . Total Hacks 10 | . 3 . 7 . . Successful 5 | . 2 . 3 . . Failed 5 | . 1 . 4 . . Catastrophic . | . . . . . . Database Lockouts . | . . . . . . Manual 10 | . 3 . 7 . . Terminals 10 | . 3 . 7 . . Fabricators . | . . . . . . Repair Stations . | . . . . . . Recycling Units . | . . . . . . Scanalyzers . | . . . . . . Garrison Access . | . . . . . . Terminal Hacks 2 | . 1 . 1 . . Branch Access Points 1 | . . . 1 . . Hauler Manifests 1 | . 1 . . . . Fabricator Hacks . | . . . . . . Repair Station Hacks . | . . . . . . Recycling Unit Hacks . | . . . . . . Scanalyzer . | . . . . . . Garrison Access Hacks . | . . . . . . Unauthorized Hacks 3 | . 1 . 2 . . Terminals 3 | . 1 . 2 . . Botnet 3 | . 1 . 2 . . Fabricators . | . . . . . . Repair Stations . | . . . . . . Recycling Units . | . . . . . . Scanalyzers . | . . . . . . Garrison Access . | . . . . . . Data Cores Recovered . | . . . . . . Used . | . . . . . . Hacking Detections 4 | . 1 . 3 . . Full Trace Events 1 | . . . 1 . . Feedback Events . | . . . . . . Feedback Blocked . | . . . . . . Robot Schematics Acquired . | . . . . . . Robots Built . | . . . . . . Authchips . | . . . . . . Time . | . . . . . . Total Robot Build Rating . | . . . . . . Part Schematics Acquired . | . . . . . . Parts Built . | . . . . . . Authchips . | . . . . . . Time . | . . . . . . Total Part Build Rating . | . . . . . . Parts Repaired . | . . . . . . Time . | . . . . . . Parts Recycled . | . . . . . . Recycled Matter . | . . . . . . Retrieved Matter . | . . . . . . Retrieved Components . | . . . . . . Parts Scanalyzed . | . . . . . . Part Schematics Acquired . | . . . . . . Parts Damaged . | . . . . . . Bothacking | -11 -10 -10 -9 -9 -9 ------------ Run | Yrd Mat Min Mat Min Exi Used RIF Installer . | . . . . . . Robots Hacked . | . . . . . . Non-combat . | . . . . . . Combat . | . . . . . . Robot Hacks Applied . | . . . . . . Relay Couplers Released . | . . . . . . Fabnet Peak Effective % . | . . . . . . Robots Rewired . | . . . . . . Allies Hacked . | . . . . . . Hacks Repelled . | . . . . . . Allies | -11 -10 -10 -9 -9 -9 -------- Run | Yrd Mat Min Mat Min Exi Total Allies . | . . . . . . Largest Group . | . . . . . . Highest-Rated Group . | . . . . . . Highest-Rated Ally . | . . . . . . Total Orders . | . . . . . . Ally Attacks . | . . . . . . Total Damage . | . . . . . . Kills . | . . . . . . Allies Corrupted . | . . . . . . Allies Melted . | . . . . . . Intel | -11 -10 -10 -9 -9 -9 ------- Run | Yrd Mat Min Mat Min Exi Robot Analysis Total . | . . . . . . Derelict Logs Recovered 1 | . . . . 1 . Drone Launches . | . . . . . . Drone Recoveries . | . . . . . . Exploration | -11 -10 -10 -9 -9 -9 ------------- Run | Yrd Mat Min Mat Min Exi Turns Passed 3869 | 114 1157 417 371 1743 67 Spaces Moved 1788 | 67 574 208 201 700 38 Core 4 | 4 . . . . . Treads 1784 | 63 574 208 201 700 38 Legs . | . . . . . . Wheels . | . . . . . . Hover . | . . . . . . Flight . | . . . . . . Fastest Speed 50 | 50 160 160 160 160 160 Average Speed 159 | 153 160 160 160 160 160 Slowest Speed 240 | 160 240 160 160 160 160 Overloaded Moves . | . . . . . . Propulsion Burnouts . | . . . . . . Robots Hopped . | . . . . . . Cave-ins Triggered 1 | . . . . 1 . Exploration Rate (%) 44 | 5 85 47 24 94 13 Regions Visited 5 Branch Regions 3 Pre-discovered Areas 1 | . . . . 1 . Known Exits Taken 1 | . . . 1 . . Unknown Exits Taken 4 | 1 1 1 . 1 . Scrap Searched 2 | . . 1 . 1 . Spaces Dug 8 | . . . . 8 . Terrain Destroyed 92 | . 34 . . 58 . Melee . | . . . . . . Projectile 10 | . 2 . . 8 . AOE 82 | . 32 . . 50 . Terrain Rammed . | . . . . . . Walls Destroyed . | . . . . . . Machines Disabled . | . . . . . . Actions | -11 -10 -10 -9 -9 -9 --------- Run | Yrd Mat Min Mat Min Exi Total 2575 | 75 698 252 230 1276 44 Wait 593 | . 28 9 9 542 5 Move 1783 | 66 573 207 200 699 38 Hop . | . . . . . . Pick Up 27 | 3 17 3 3 1 . Fast Attach 8 | 6 2 . . . . Attach 12 | . 1 1 4 6 . Detach 2 | . . . . 1 1 Swap 14 | . 7 4 . 3 . Drop 11 | . 8 3 . . . Fire 118 | . 59 25 13 21 . Melee . | . . . . . . Ram . | . . . . . . Kick . | . . . . . . Crush 7 | . 3 . 1 3 . Escape Stasis . | . . . . . . Rewire . | . . . . . . Trap . | . . . . . . Miscellaneous . | . . . . . . Route ------- -11/Scrapyard -10/Materials (discovered 4 exits: *Mat x2 / [*Min x2]) -10/Mines -9/Materials -9/Mines (discovered 4 exits: [*Mat x2] / [*Exi] / [*Zio]) -9/Exiles History --------- Turn | Location | Event 17 | -11/Scrapyard | Discovered new exit (range 14) 115 | -11/Scrapyard | Entered Materials 231 | -10/Materials | Discovered new exit (range 5) 231 | -10/Materials | Discovered new exit (range 12) 312 | -10/Materials | Build established: Mutant 402 | -10/Materials | Discovered new exit (range 8) 600 | -10/Materials | Discovered new exit (range 12) 1272 | -10/Materials | Entered Mines 1508 | -10/Mines | Core integrity fell below 50% 1627 | -10/Mines | A weapon hastily lodged in a ceiling crevice suddenly fell to the ground 1681 | -10/Mines | Discovered new exit (range 4) 1689 | -10/Mines | Entered Materials 1689 | -9/Materials | Evolved 2 slots: Propulsion x1, Utility x1 1809 | -9/Materials | Identified exit to Mines 2060 | -9/Materials | Entered Mines 2061 | -9/Mines | Assembled infested the area 2086 | -9/Mines | Learned Materials trap positions 2140 | -9/Mines | A Derelict revealed a hidden shortcut to a safe place 2246 | -9/Mines | Learned location of Storage (-8) 2246 | -9/Mines | Crushed by falling debris 2978 | -9/Mines | Found a damaged Exp. Sensor Array with a note attached 2986 | -9/Mines | Found Prototype Device 2987 | -9/Mines | Identified Exp. Sensor Array 3171 | -9/Mines | Discovered new exit (range 9) 3441 | -9/Mines | Discovered new exit (range 7) 3796 | -9/Mines | Deemed a non-threat by the Exiles lab entrance 3796 | -9/Mines | Discovered new exit (range 5) 3803 | -9/Mines | Entered Exiles 3840 | -9/Exiles | Met 8R-AWN 3861 | -9/Exiles | Attacked by the Exiles 3870 | -9/Exiles | System corruption reached 10% 3870 | -9/Exiles | Self-destructed Last Messages --------------- 03865_ Penetrated by HV Slug. 03865_ HV Slug penetrates Wall. 03867_ Penetrated by HV Slug. 03867_ HV Slug penetrates as-61325. 03867_ as-61325 suffers critical hit (Destroy). 03867_ Penetrated by HV Slug. 03867_ Ion Engine destroyed. 03867_ HV Slug penetrates as-61325. 03869_ Targeting Computer destroyed. 03869_ Lgt. Treads destroyed. 03869_ System corrupted by crushing effect (+4). 03869_ System corrupted by crushing effect (+2). 03869_ Lgt. Treads destroyed. 03869_ Autogun destroyed. 03870_ Penetrated by HV Slug. 03870_ HV Slug penetrates as-61325. 03870_ as-61325 suffers critical hit (Destroy). 03870_ as-61325 destroyed. 03870_ Penetrated by HV Slug. 03870_ HV Slug penetrates Wall. Map ----- +----------------------------------------------------+ | ?????????????????????????????????????????????????? | | ?????????????????????????????????????????????????? | | ?????????????????????????????????????????????????? | | ?????????????????????????????????????????????????? | | ?????????????????????????????????????????????????? | | ?????????????????????????????????????????????????? | | ?????????????????????????????????????????????????? | | ?????????????????????????????????????????????????? | | ?????????????????????????????????????????????????? | | ?????????????????????????????????????????????????? | | ?????????????????????????????????????????????????? | | ?????????????????????????????????????????????????? | | ?????????????????????????????????????????????????? | | ?????????????????????????????????????????????????? | | ?????????????????????????????????????????????????? | | ?????????????????????????????????????????????????# | | ????????????????????????????????????????????????# | | ????????????????????????????#####???????????????# | | ???????????????????????????##" #??????????????## | | ???????????????????????????#" g #?????????????## | | ??????????????????????????##" ##????????????# | | ????????????????????????### ###????????### | | ????????????????????????# ########## | | ???????????????????????## #""""## | | ?????????? ###a * | | ?????????? a@ ## * | | ?????????? %a #### | | ?????????? "#?#"""""#### | | ??????????? ; "##?#######??#### * | | ??????????? ######??????????????##### | | ???????????? #????????????????????????### | | ???????????? a#???????????????????????????## | | ???????????? a a ""?????????????????????????????? | | ????????????? "??????????????????????????????? | | ?????????????"""""???????????????????????????????? | | ?????????????????????????????????????????????????? | | ?????????????????????????????????????????????????? | | ?????????????????????????????????????????????????? | | ?????????????????????????????????????????????????? | | ?????????????????????????????????????????????????? | | ?????????????????????????????????????????????????? | | ?????????????????????????????????????????????????? | | ?????????????????????????????????????????????????? | | ?????????????????????????????????????????????????? | | ?????????????????????????????????????????????????? | | ?????????????????????????????????????????????????? | | ?????????????????????????????????????????????????? | | ?????????????????????????????????????????????????? | | ?????????????????????????????????????????????????? | | ?????????????????????????????????????????????????? | +----------------------------------------------------+ Best States ------------- Heat Dissipation 28 Energy Generation 10 Energy Capacity 250 Matter Stores 300 Matter Capacity 300 Sight Range 16 Robot Scan Range 20 Terrain Scan Density 10 Armor Coverage 150 Core Shielding 20 Evasion (%) 40 Targeting Accuracy 5 Recoil Reduction 3 Item Schematics ----------------- None Robot Schematics ------------------ None Fabricated ------------ Nothing Alien Tech Used ----------------- None Achievements -------------- I Survived The Infestation Unlikely Earthworm Challenges ------------ None Game ------ Seed ShieldGammaRigger Manual? 0 Play Time 00:21:28 Cumulative 10.7 hours Start 2024.06.11 @ 23:23:13 End 2024.06.11 @ 23:44:43 Sessions 1 Manual Loads 0 Difficulty Rogue Special Mode None Game No. 19 Rogue 12 Adventurer 7 Explorer 0 Win Type - Total 0 Types 0/0/0/0/0/0/0/0/0 Lore% 5 Gallery% 14 Achievement% 17 Wizard Run 0 Options --------- Layout 0 ASCII 0 Keyboard 0 Movement Mouse Keybinds 0 Fullscreen 2 Font 24/Smallcaps Map View 113x50 Zoom Use 0% Tactical HUD 1 Map Filters NONE Filters NONE Steam 1 RUN: ad80e5e1-b837-44be-906d-a0ab7f6d924b